Cogmind - Beta 16 @@@ ROGUE MODE // 2025.12.26 @ 16:08:05 Player: Foolatea Result: Destroyed by L-31 Rogue with Katana Performance ------------- Evolutions (1) 500 Regions Visited (3) 600 Robots Destroyed (32) 160 Value Destroyed (542) 542 Prototype IDs (0) 0 Alien Tech Used (0) 0 Bonus (0) 0 TOTAL SCORE: 1802 Bonus ------- None Cogmind --------- Core Integrity 0/400 Matter 162/300 Energy 120/125 System Corruption 0% Temperature Cool (0) Movement Walking (330) Ox3 Location -9/Materials Parts ------- > --- POWER (1) -------- Light Ion Engine > --- PROPULSION (3) --- Aluminum Leg Improved Aluminum Leg > --- UTILITY (3) ------ Huge Storage Unit Structural Scanner Improved Terrain Scanner > --- WEAPON (2) ------- Autogun Katana > --- INVENTORY (25) --- Light Angular Momentum Engine Aluminum Leg Carbon-fiber Leg Heat Sink High-capacity Storage Unit Visual Processing Unit Tractor Beam Datajack Peak State ------------ > --- POWER ------------ Light Ion Engine > --- PROPULSION ------- Aluminum Leg Improved Aluminum Leg Improved Aluminum Leg > --- UTILITY ---------- Huge Storage Unit Structural Scanner Improved Terrain Scanner > --- WEAPON ----------- Autogun Katana > --- INVENTORY -------- Light Angular Momentum Engine Aluminum Leg Carbon-fiber Leg Heat Sink High-capacity Storage Unit Visual Processing Unit Tractor Beam Datajack [Rating: 17] Favorites ----------- Power Ion Engine Engine Ion Engine Power Core Light Nuclear Core Propulsion Light Treads Treads Light Treads Leg Improved Aluminum Leg Utility High-capacity Storage Unit Device Seismic Detector Storage High-capacity Storage Unit Processor Terrain Scan Processor Weapon Beam Rifle Energy Gun Beam Rifle Ballistic Gun Assault Rifle Launcher Rocket Launcher Special Weapon Mining Laser Slashing Weapon Katana Special Melee Weapon Datajack Build | -11 -10 -10 -9 ------- Run | Yrd Mat Min Mat Slots Evolved 2 | . . . 2 Power . | . . . . Propulsion 1 | . . . 1 Utility 1 | . . . 1 Weapon . | . . . . Parts Attached 33 | 8 8 4 13 Power 5 | 1 1 1 2 Engine 4 | 1 1 1 1 Core 1 | . . . 1 Reactor . | . . . . Propulsion 9 | 2 . . 7 Treads 3 | 2 . . 1 Leg 6 | . . . 6 Wheel . | . . . . Hover . | . . . . Flight . | . . . . Utility 9 | 3 3 1 2 Device 5 | 2 1 1 1 Storage 3 | 1 1 . 1 Processor 1 | . 1 . . Hackware . | . . . . Protection . | . . . . Artifact . | . . . . Weapon 10 | 2 4 2 2 Energy Gun 2 | . 2 . . Energy Cannon . | . . . . Ballistic Gun 4 | 2 . 1 1 Ballistic Cannon . | . . . . Launcher 1 | . . 1 . Special Weapon 1 | . 1 . . Impact Weapon . | . . . . Slashing Weapon 1 | . . . 1 Piercing Weapon . | . . . . Special Melee Weapon 1 | . 1 . . Unidentified Prototypes . | . . . . Parts Lost 18 | . 1 4 13 Power 4 | . 1 1 2 Propulsion 6 | . . . 6 Utility 2 | . . 1 1 Weapon 6 | . . 2 4 Highest Loss Streak 7 | . 1 2 7 To Critical Strikes . | . . . . Average Backups 13 | 5 11 15 16 Power 1 | . 1 1 2 Propulsion 3 | 2 2 4 5 Utility 4 | 1 3 5 4 Weapon 3 | 1 3 3 2 Tool/Special . | . . . . Unused Backups 9 | 1 4 . 4 Power 1 | . . . 1 Propulsion 6 | 1 3 . 2 Utility 1 | . . . 1 Weapon 1 | . 1 . . Tool/Special . | . . . . Average Slot Usage (%) 97 | . 100 99 85 Engine 13 | . 14 14 9 Treads 26 | . 28 28 18 Leg 1 | . . . 9 Device 14 | . 14 13 18 Storage 13 | . 12 14 11 Energy Gun 7 | . 11 6 . Ballistic Gun 9 | . 6 13 5 Launcher 1 | . . 1 5 Special Weapon 5 | . 5 6 5 Special Melee Weapon 2 | . 5 . . Peak Build Rating 17 | 8 11 11 17 Average Rating 10 | 6 9 10 12 On Entrance 7 | . 8 10 11 Avg Prop Armor Cover (%) 5 | . . . 5 Naked Turns . | . . . . Heaviest Build 93 | 14 52 53 93 Greatest Support 60 | 40 40 40 60 Greatest Overweight (x) 27 | 1 1 1 27 Average Overweight (x) . | . . 1 1 Largest Inventory Capacity 25 | 8 20 20 25 Average Capacity 18 | 7 16 20 23 Most Carried 19 | 8 15 19 19 Average Carried 13 | 5 11 15 16 Final Capacity 25 | 8 20 20 25 Final Carried 19 | 8 15 19 8 Class Distribution -------------------- 98% | Mutant Dominant Class ---------------- Mutant | -10/Materials Mutant | -10/Mines Mutant | -9/Materials Resources | -11 -10 -10 -9 ----------- Run | Yrd Mat Min Mat Matter Collected 786 | 298 151 203 134 Remotely 201 | 201 . . . Salvage Created 707 | 130 130 274 173 Parts 53 | 8 10 25 10 Haulers Intercepted . | . . . . Recyclers Shooed 2 | 1 . 1 . Parts Field Recycled . | . . . . Retrieved Matter . | . . . . Parts Self-Destructed . | . . . . Prevented . | . . . . Parts Restored . | . . . . Kills | -11 -10 -10 -9 ------- Run | Yrd Mat Min Mat Combat Hostiles Destroyed 22 | . 3 13 6 Guns 19 | . 3 11 5 AOE 3 | . . 2 1 Classes Destroyed 8 | 2 4 1 1 Worker 4 | . 1 2 1 Builder 1 | . 1 . . Tunneler 2 | 2 . . . Recycler 2 | 1 1 . . Watcher 1 | . 1 . . Swarmer 14 | . 3 8 3 Grunt 7 | . . 5 2 Duelist 1 | . . . 1 Best Kill Streak 5 | 2 4 5 3 Combat Bots Only 3 | . 3 3 3 Max Kills in Single Turn 3 | 1 1 3 1 Gunslinging . | . . . . Exploded 1 | . . 1 1 Melee . | . . . . Uniques/NPCs Destroyed . | . . . . Combat | -11 -10 -10 -9 -------- Run | Yrd Mat Min Mat Hostile Shots Fired 202 | . 41 65 96 Missed 41 | . 11 14 16 Hits 161 | . 30 51 80 Melee 24 | . . . 24 Projectile 137 | . 30 51 56 Critical Strikes 3 | . . . 3 Damage Taken 2241 | . 336 562 1343 Core 602 | . 92 102 408 Absorbed by Shields . | . . . . Core Remaining (%) 61 | 100 . 22 . Volleys Fired 109 | 9 37 40 23 Largest 2 | 2 2 2 2 Hottest 123 | 40 112 123 56 Shots Fired 169 | 12 68 64 25 Gun 148 | 12 62 51 23 Cannon . | . . . . Launcher 8 | . . 6 2 Special 13 | . 6 7 . Kinetic 81 | 12 16 30 23 Thermal 80 | . 52 28 . Explosive 8 | . . 6 2 Electromagnetic . | . . . . Robot Hit Streak 11 | 3 11 7 6 Robot Miss Streak 14 | 2 14 5 3 Penetration Max . | . . . . Secondary Targets 1 | . . 1 . Max Gunslinging Chain 1 | . . 1 . Shots Hit Robots 90 | 5 34 31 20 Core Hits 47 | 5 9 21 12 Critical Kills 1 | . 1 . . Critical Parts Destroyed . | . . . . Critical Strikes 6 | . 4 2 . Burn 5 | . 3 2 . Destroy 1 | . 1 . . Melee Attacks 11 | . 6 . 5 Impact . | . . . . Slashing 5 | . . . 5 Piercing . | . . . . Sneak Attacks 4 | . 4 . . Combat Hostiles . | . . . . Follow-up Attacks . | . . . . Damage Inflicted 1780 | 47 465 779 489 Guns 1074 | 47 393 404 230 Cannons . | . . . . Explosions 534 | . . 371 163 Melee 94 | . . . 94 Ramming 6 | . . 4 2 Kinetic 648 | 47 116 255 230 Thermal 498 | . 349 149 . Explosive 534 | . . 371 163 Electromagnetic . | . . . . Impact . | . . . . Slashing 94 | . . . 94 Piercing . | . . . . Highest Corruption . | . . . . Average Corruption . | . . . . Corruption Purged . | . . . . Corruption Blocked . | . . . . Overload Shots . | . . . . Overflow Damage 5 | . . 5 . Projectiles . | . . . . Explosions 5 | . . 5 . Melee . | . . . . Knockbacks . | . . . . Impact . | . . . . Kinetic . | . . . . Secondary . | . . . . Self-Inflicted Damage 42 | . . 19 23 Shots 2 | . . 1 1 Rammed 3 | . . 2 1 Targets Rammed 3 | . . 2 1 Kicked . | . . . . Crushed . | . . . . Highest Temperature 231 | . 231 63 16 Average Temperature 44 | . 64 19 8 Received Heat Transfer 522 | . 114 192 216 Siege Activations . | . . . . Martial Activations . | . . . . Shielding Activations . | . . . . Robots Disrupted . | . . . . Combat Hostiles . | . . . . Robots Corrupted . | . . . . Combat Hostiles . | . . . . Parts Fried . | . . . . Impact Corruptions . | . . . . Robots Melted . | . . . . Combat Hostiles . | . . . . Parts Melted 2 | . . 2 . Heat Transferred 1593 | . 1075 518 . Parts Sabotaged . | . . . . Parts Stolen . | . . . . Parts Stripped . | . . . . Power Chain Reactions . | . . . . Alert | -11 -10 -10 -9 ------- Run | Yrd Mat Min Mat Maximum Alert Level . | . . . . Low Security (%) 100 | 100 100 100 100 Level 1 . | . . . . Level 2 . | . . . . Level 3 . | . . . . Level 4 . | . . . . Level 5 . | . . . . High Security . | . . . . Max Security . | . . . . Peak Influence 121 | 10 72 96 121 Initial 19 | . . 19 19 Average 19 | 1 10 26 27 Influence Increases 833 | 15 169 408 241 Destroy 0b10 Robot/C 440 | . 60 260 120 Destroy 0b10 Robot/NC 50 | 15 20 10 5 Destroy Leader 82 | . 12 50 20 Allied During Kill 3 | . . 3 . Successful Hack 15 | . 15 . . Disable Machine 60 | . 30 . 30 Destroy Structure 63 | . 2 40 21 Lose Combat Pursuer 120 | . 30 45 45 Influence Decreases 817 | 15 118 409 275 Entered New Map 63 | . . 32 31 Time Decay 579 | 15 108 327 129 Lost Part 155 | . 10 30 115 Lost Ally 20 | . . 20 . Squads Dispatched . | . . . . Investigation . | . . . . Extermination . | . . . . Reinforcement . | . . . . Assault . | . . . . Garrison . | . . . . Intercept . | . . . . Searches Triggered . | . . . . Construction Impeded . | . . . . Haulers Reinforced . | . . . . Active Scanning Responses . | . . . . Cargo Convoy Interrupts . | . . . . Stealth | -11 -10 -10 -9 --------- Run | Yrd Mat Min Mat Distress Signals 1 | . 1 . . Communications Jammed . | . . . . Distress Signals . | . . . . Times Spotted 48 | . 16 16 16 Peak Tracking Total 5 | . 5 3 4 Tactical Retreats 6 | . 2 3 1 Traps | -11 -10 -10 -9 ------- Run | Yrd Mat Min Mat Traps Triggered . | . . . . Indirectly . | . . . . Trap Hack Attempts . | . . . . Triggered . | . . . . Disarmed . | . . . . Reprogrammed . | . . . . Reused . | . . . . Traps Extracted . | . . . . Installed . | . . . . Triggered . | . . . . Machines | -11 -10 -10 -9 ---------- Run | Yrd Mat Min Mat Machines Disabled 5 | . 3 . 2 Max in Single Turn 1 | . 1 . 1 Machines Repaired . | . . . . Machines Dismantled . | . . . . Machines Sabotaged . | . . . . Overloaded Fab Kills . | . . . . Hacking | -11 -10 -10 -9 --------- Run | Yrd Mat Min Mat Machines Accessed 4 | . 3 . 1 Terminals 4 | . 3 . 1 Fabricators . | . . . . Repair Stations . | . . . . Recycling Units . | . . . . Scanalyzers . | . . . . Garrison Access . | . . . . Total Hacks 7 | . 6 . 1 Successful 3 | . 3 . . Failed 4 | . 3 . 1 Catastrophic 1 | . 1 . . Database Lockouts . | . . . . Manual 3 | . 3 . . Terminals 7 | . 6 . 1 Fabricators . | . . . . Repair Stations . | . . . . Recycling Units . | . . . . Scanalyzers . | . . . . Garrison Access . | . . . . Terminal Hacks 3 | . 3 . . Record 1 | . 1 . . Level Access Points 1 | . 1 . . Emergency Access Points 1 | . 1 . . Fabricator Hacks . | . . . . Repair Station Hacks . | . . . . Recycling Unit Hacks . | . . . . Scanalyzer . | . . . . Garrison Access Hacks . | . . . . Unauthorized Hacks . | . . . . Terminals . | . . . . Fabricators . | . . . . Repair Stations . | . . . . Recycling Units . | . . . . Scanalyzers . | . . . . Garrison Access . | . . . . Data Cores Recovered . | . . . . Used . | . . . . Hacking Detections 1 | . 1 . . Full Trace Events . | . . . . Feedback Events . | . . . . Feedback Blocked . | . . . . Robot Schematics Acquired . | . . . . Robots Built . | . . . . Authchips . | . . . . Time . | . . . . Total Robot Build Rating . | . . . . Part Schematics Acquired . | . . . . Parts Built . | . . . . Authchips . | . . . . Time . | . . . . Total Part Build Rating . | . . . . Part Studies Acquired . | . . . . Parts Repaired . | . . . . Time . | . . . . Parts Recycled . | . . . . Recycled Matter . | . . . . Retrieved Matter . | . . . . Retrieved Components . | . . . . Parts Scanalyzed . | . . . . Part Schematics Acquired . | . . . . Parts Damaged . | . . . . Bothacking | -11 -10 -10 -9 ------------ Run | Yrd Mat Min Mat Used RIF Installer . | . . . . Robots Hacked . | . . . . Non-combat . | . . . . Combat . | . . . . Robot Hacks Applied . | . . . . Relay Couplers Released . | . . . . Fabnet Peak Effective % . | . . . . Robots Rewired . | . . . . Allies Hacked . | . . . . Hacks Repelled . | . . . . Allies | -11 -10 -10 -9 -------- Run | Yrd Mat Min Mat Total Allies 1 | . . 1 . Largest Group 1 | . . 1 . Highest-Rated Group 31 | . . 31 . Highest-Rated Ally 31 | . . 31 . Total Orders . | . . . . Ally Attacks 9 | . . 9 . Total Damage 66 | . . 66 . Kills . | . . . . Allies Corrupted . | . . . . Allies Melted . | . . . . Intel | -11 -10 -10 -9 ------- Run | Yrd Mat Min Mat Active Infowar (turns) 3162 | 97 1256 1311 498 Sensors 1399 | . . 1065 334 Terrain 118 | . 84 . 34 Structural 495 | . . . 495 Seismic 1515 | 97 1172 246 . Robot Analysis Total . | . . . . Derelict Logs Recovered 1 | . . 1 . Drone Launches . | . . . . Drone Recoveries . | . . . . Exploration | -11 -10 -10 -9 ------------- Run | Yrd Mat Min Mat Turns Passed 3266 | 192 1258 1318 498 Spaces Moved 1169 | 91 452 488 138 Core 5 | 4 . . 1 Treads 1127 | 87 452 488 100 Legs 37 | . . . 37 Wheels . | . . . . Hover . | . . . . Flight . | . . . . Fastest Speed 50 | 50 160 240 190 Average Speed 229 | 156 220 240 271 Slowest Speed 1400 | 160 240 240 1400 Overloaded Moves . | . . . . Propulsion Burnouts . | . . . . Robots Hopped . | . . . . Potential Cave-ins . | . . . . Cave-ins Triggered . | . . . . Exploration Rate (%) 35 | 6 59 71 6 Regions Visited 3 Branch Regions 1 Pre-discovered Areas . | . . . . Known Exits Taken 1 | . . 1 . Unknown Exits Taken 2 | 1 1 . . Scrap Searched . | . . . . Spaces Dug 2 | . . 2 . Terrain Destroyed 87 | . 2 64 21 Melee . | . . . . Projectile 8 | . 2 6 . AOE 79 | . . 58 21 Terrain Rammed . | . . . . Walls Destroyed . | . . . . Machines Disabled . | . . . . Actions | -11 -10 -10 -9 --------- Run | Yrd Mat Min Mat Total 1549 | 127 634 557 231 Wait 160 | 9 104 13 34 Move 1166 | 90 451 487 138 Hop . | . . . . Pick Up 37 | 10 16 8 3 Fast Attach 7 | 6 1 . . Attach 28 | 1 4 5 18 Detach 6 | . 2 1 3 Swap 13 | 1 6 1 5 Drop 9 | 1 7 . 1 Fire 109 | 9 37 40 23 Melee 11 | . 6 . 5 Ram . | . . . . Kick . | . . . . Crush 3 | . . 2 1 Escape Stasis . | . . . . Rewire . | . . . . Trap . | . . . . Miscellaneous . | . . . . Route ------- -11/Scrapyard -10/Materials (discovered 5 exits: *Mat x3 / [*Min] / [*Sub]) -10/Mines (discovered 3 exits: *Mat / [*Exi] / [*Sub]) -9/Materials History --------- Turn | Location | Event 5 | -11/Scrapyard | Discovered new exit (range 16) 193 | -11/Scrapyard | Entered Materials 300 | -10/Materials | Build established: Mutant 621 | -10/Materials | Discovered new exit (range 16) 728 | -10/Materials | Discovered new exit (range 10) 1100 | -10/Materials | Discovered new exit (range 10) 1218 | -10/Materials | Identified exit to Materials 1451 | -10/Materials | Entered Mines 1458 | -10/Mines | Received a Rocket Launcher from a helpful Derelict 1482 | -10/Mines | Discovered new exit (range 12) 1525 | -10/Mines | Core integrity fell below 50% 1751 | -10/Mines | Deemed a non-threat by the Exiles lab entrance 1751 | -10/Mines | Discovered new exit (range 5) 1864 | -10/Mines | Learned Materials stockpile data 2096 | -10/Mines | Escorted by a lone wolf Derelict 2586 | -10/Mines | Discovered exit to Materials (range 7) 2769 | -10/Mines | Entered Materials 2769 | -9/Materials | Evolved 2 slots: Propulsion x1, Utility x1 3154 | -9/Materials | Core integrity fell below 50% 3169 | -9/Materials | Lost 7 parts (1p2n1u3w) 3204 | -9/Materials | Core integrity fell below 20% 3230 | -9/Materials | Lost 4 parts (1p3n) 3267 | -9/Materials | Destroyed by L-31 Rogue with Katana Last Messages --------------- R-06 Scavenger collects Flight Unit. Ion Engine destroyed. Assault Rifle destroyed. M-13 Machinist repairs L-31 Rogue. Lgt. Nuclear Core destroyed. Carbon-fiber Leg destroyed. Imp. Aluminum Leg destroyed. L-31 Rogue destroyed. K-01 Serf collects debris. Acquired 38 matter. K-01 Serf collects debris. Imp. Aluminum Leg destroyed. K-01 Serf collects debris. G-34 Mercenary destroyed. K-01 Serf collects debris. Acquired Katana. K-01 Serf collects debris. Acquired Aluminum Leg. Acquired 41 matter. Imp. Aluminum Leg severed. Map ----- +----------------------------------------------------+ | ?????????????????????????????????????????????????? | | ?????????????????????????????????????????????????? | | ?????????????????????????????????????????????????? | | ?????????????????????????????????????????????????? | | ?????????????????????????????????????????????????? | | ?????????????????????????????????????????????????? | | ?????????????????????????????????????????????????? | | ???????????]?????????????????????????????????????? | | ?????????????????????????????????????????????????? | | ?????????????????????????????????????????????????? | | ????????????????????????? ???????????????????????? | | ????????????????????????? ???????????????????????? | | ??????????????????????? ? ?????#?????????????????? | | ?????????????????????????t???????????????????????? | | ??????????????????????? ? ???????????????????????? | | ?????????????????????? # ???????????????????????? | | ????????????????????? # ##?????????????????????? | | ????????????#???? ] # ##?????????????????????? | | ?????????????????######## ##?????????????????????? | | ?????????????????# T # *%##?????????????????????? | | ?????????????????#? + =##??????#??????????????? | | ????????????????????^ # ##??#????#????#????????? | | ????????????????????? # ####???????????????????? | | ????????????????????? # ####????#??????????????? | | ????????????????????### % # ###??????????????????? | | ????????????"??? ???### m@######################## | | ???????????????? ##### l ####################### | | ??????????? ##### | | ??????????? / gg | | ??????????? ##### | | ????????????????###### ###+###########+####### | | ????????????????????######## T #### ### | | ????????????????????######## + *+ ##? | | ??????????????????????????## " " #### ##? | | ???????????????????????#??## """ #### ##? | | ??????????????????????????## """ #### """"" ##? | | ??????????????????????????## #### """"" ##? | | ??????????????????????????############ """"" ##? | | ??????????????????????????############ ##? | | ????????????????????????????????????#############? | | ????????????????????????????????????#############? | | ???????????????????????????#?????????????????????? | | ?????????????????????????????????????????????????? | | | | | | | | | | | | | | | +----------------------------------------------------+ Best States ------------- Heat Dissipation 28 Energy Generation 14 Energy Capacity 250 Matter Stores 300 Matter Capacity 300 Sight Range 16 Robot Scan Range 14 Terrain Scan Range 16 Terrain Scan Density 85 Evasion (%) 40 Recoil Reduction 3 Item Schematics ----------------- None Robot Schematics ------------------ None Fabricated ------------ Nothing Repaired ---------- Nothing Studied --------- None Alien Tech Used ----------------- None Achievements -------------- Use The Force Challenges ------------ None Game ------ Seed AngularRapidTube Manual? 0 Play Time 00:49:14 Cumulative 8.5 hours Start 2025.12.26 @ 14:02:50 End 2025.12.26 @ 16:08:05 Sessions 1 Manual Loads 0 Difficulty Rogue Special Mode None Game No. 7 Rogue 7 Adventurer 0 Explorer 0 Win Type - Total 0 Types 0/0/0/0/0/0/0/0/0/0 Lore% 7 Gallery% 8 Achievement% 9 Wizard Run 0 Options --------- Layout 1 ASCII 0 Keyboard 0 Movement Mouse Keybinds 0 Fullscreen 1 Font 32/CogWide Map View 25x17 Zoom Use 79% Tactical HUD 0 Map Filters NONE Filters NONE Steam 1 RUN: dd826ef3-581c-43bd-a204-5f0072460fc5